[Event "Sunway Sitges Chess Festival"]
[Date "2024.12.21"]
[White "Mnatsakanyan, Aren"]
[Black "Sayce, Hannah"]
[WhiteElo "1939"]
[BlackElo "1821"]
[Round "6.44"]
[Result "1-0"]
[TimeControl "40/5400+30:1800+30"]

1. c4 c5 2. Nc3 Nc6 3. Nf3 Nf6 4. e3 g6 5. d4 cxd4 6. exd4 d5 7. cxd5 Nxd5 8. Bc4 Nxc3 9. Qb3 Nd5 10. Bxd5 e6 11. Bxc6+ bxc6 12. O-O Qd5 13. Qc3 Be7 14. Bh6 f6 15. Be3 Kf7 16. Rac1 Bd7 17. Nd2 Rhb8 18. Nb3 Bb4 19. Qc2 Bd6 20. Nc5 Bxc5 21. dxc5 Qxa2 22. Rfd1 Be8 23. Qe4 Rd8 24. Rd6 Rxd6 25. cxd6 Qd5 26. Qb4 Rd8 27. Bc5 e5 28. Ra1 Rd7 29. h3 Ke6 30. Qb8 Bf7 31. b4 Kf5 32. Rxa7 Rxa7 33. Qxa7 h5 34. Qa4 h4 35. Qc2+ Ke6 36. Qe2 f5 37. f4 Be8 38. Qf2 Qe4 39. Qa2+ Qd5 40. Qa8 Qd1+ 41. Kh2 Bd7 42. Qg8+ Kf6 43. Qd8+ Ke6 44. Qe7+ Kd5 45. Qxd7 Qc1 46. Qf7+ Ke4 47. Qb3 Qxf4+ 48. Kh1 Qc1+ 49. Bg1 f4 50. Qf3+ Kf5 51. d7 Qd2 52. Qxc6 f3 53. Qxf3+ Ke6 54. Qc6+ Ke7 55. Bc5+ Kf7 56. Qc8 Qd3 1-0

[Variant "Standard"]
[Site "Europe Echecs"]

[Event "Sunway Sitges Chess Festival"]
[Date "2024.12.21"]
[White "Maurizzi, Marc`Andria"]
[Black "Gorshtein, Ido"]
[WhiteElo "2477"]
[BlackElo "2422"]
[Round "7.1"]
[Result "1/2-1/2"]
[TimeControl "40/5400+30:1800+30"]

1. d4 Nf6 2. c4 e6 3. Nf3 b6 4. g3 Ba6 5. b3 Bb4+ 6. Bd2 Be7 7. Bg2 c6 8. O-O d5 9. Qc2 O-O 10. Rd1 Nbd7 11. Bf4 Rc8 12. Nc3 dxc4 13. e4 h6 14. h4 Nh5 15. Be3 Nhf6 16. Bf4 Nh5 17. Bc1 Nhf6 18. Ne2 cxb3 19. axb3 Bxe2 20. Qxe2 a5 21. Ne1 Bb4 22. Nc2 Qe7 23. Nxb4 axb4 24. g4 Nh7 25. g5 hxg5 26. hxg5 c5 27. d5 e5 28. Bh3 Qd6 29. Ra7 Rfd8 30. Kg2 Ra8 31. Rxa8 Rxa8 32. Qb5 Ndf8 33. Qc6 Qd8 34. Kf1 Ra1 35. g6 Nxg6 36. d6 Nhf8 37. d7 Nf4 38. Qc8 N8e6 39. Bg4 Kf8 40. Bxf4 Rxd1+ 41. Bxd1 exf4 42. Be2 Ke7 43. Bb5 f6 44. Qb7 Nd4 45. Ba4 Nf3 46. Ke2 Nd4+ 47. Kf1 Nf3 48. Ke2 Ne5 49. f3 g5 50. Bb5 c4 51. bxc4 b3 52. Kd1 Nxf3 1/2-1/2

[Variant "Standard"]
[Site "Europe Echecs"]

[Event "Sunway Sitges Chess Festival"]
[Date "2024.12.21"]
[White "Girel, Joseph"]
[Black "Ivanchuk, Vasyl"]
[WhiteElo "2494"]
[BlackElo "2630"]
[Round "7.2"]
[Result "1-0"]
[TimeControl "40/5400+30:1800+30"]

1. d4 Nf6 2. c4 c6 3. Nf3 d5 4. e3 Bf5 5. Nc3 a6 6. Ne5 Nbd7 7. Qb3 Qc7 8. cxd5 Nxe5 9. dxe5 Nxd5 10. Bc4 e6 11. e4 Nxc3 12. exf5 Nd5 13. Bxd5 cxd5 14. O-O Qd7 15. Be3 Be7 16. Rac1 exf5 17. Rfd1 O-O 18. Rxd5 Qe6 19. Rc7 b5 20. Rdd7 Qxb3 21. axb3 Rfd8 22. g4 Rxd7 23. Rxd7 f4 24. Bxf4 Bc5 25. Kg2 h6 26. h4 Re8 27. h5 Re6 28. Bg3 f6 29. f4 fxe5 30. fxe5 Re7 31. Rd8+ Kf7 32. Kf3 Ke6 33. Ke4 Rc7 34. Re8+ Be7 35. Bh4 1-0

[Variant "Standard"]
[Site "Europe Echecs"]

[Event "Sunway Sitges Chess Festival"]
[Date "2024.12.21"]
[White "Moussard, Jules"]
[Black "Raczek, Krzysztof"]
[WhiteElo "2649"]
[BlackElo "2443"]
[Round "7.3"]
[Result "1-0"]
[TimeControl "40/5400+30:1800+30"]

1. e4 c6 2. d4 d5 3. e5 Bf5 4. Nf3 e6 5. Be2 Ne7 6. O-O Nd7 7. c3 h6 8. Na3 Bh7 9. Nc2 c5 10. dxc5 Nxc5 11. Ncd4 a6 12. Be3 Rc8 13. Rc1 g5 14. c4 dxc4 15. Bxc4 Bg7 16. b4 Ne4 17. Qb3 O-O 18. Nxe6 fxe6 19. Bxe6+ Kh8 20. Bxc8 Nxc8 21. Nd4 Nd2 22. Bxd2 Qxd4 23. Bc3 Qb6 24. e6 Ne7 25. Bxg7+ Kxg7 26. Qc3+ Rf6 27. Rcd1 Bf5 28. Rd7 Qxe6 29. Rxb7 Kg6 30. Re1 Be4 31. Qe3 Bxb7 32. Qxe6 Rxe6 33. Rxe6+ Kf7 34. Rxh6 Bc6 35. f3 Bb5 36. a4 Bc4 37. Rd6 Nd5 38. b5 axb5 39. axb5 Ke7 40. Rc6 1-0

[Variant "Standard"]
[Site "Europe Echecs"]

[Event "Sunway Sitges Chess Festival"]
[Date "2024.12.21"]
[White "Anwesh, Upadhyaya"]
[Black "Tin, Jingyao"]
[WhiteElo "2379"]
[BlackElo "2480"]
[Round "7.4"]
[Result "1/2-1/2"]
[TimeControl "40/5400+30:1800+30"]

1. e4 e5 2. Nf3 Nc6 3. d4 exd4 4. Bc4 Nf6 5. O-O Nxe4 6. Re1 d5 7. Bxd5 Qxd5 8. Nc3 Qd7 9. Rxe4+ Be7 10. Nxd4 f5 11. Rf4 O-O 12. Nxc6 Qxc6 13. Nd5 Bd6 14. Rd4 Be6 15. Bf4 Bxd5 16. Bxd6 Bxg2 17. Bxf8 Bf3 18. Qd3 Qg6+ 19. Kf1 Qg2+ 20. Ke1 Re8+ 21. Kd2 Qxf2+ 22. Kc3 Re3 23. Bc5 Rxd3+ 24. cxd3 Qxh2 25. Re1 h5 26. Rd7 Bc6 27. Rde7 Bd5 28. Rd7 Bc6 29. Rde7 Bd5 30. Rd7 1/2-1/2

[Variant "Standard"]
[Site "Europe Echecs"]

[Event "Sunway Sitges Chess Festival"]
[Date "2024.12.21"]
[White "Siddharth, Jagadeesh"]
[Black "Abergel, Thal"]
[WhiteElo "2510"]
[BlackElo "2411"]
[Round "7.5"]
[Result "1/2-1/2"]
[TimeControl "40/5400+30:1800+30"]

1. e4 d6 2. d4 Nf6 3. Nc3 e5 4. Nf3 Nbd7 5. Bc4 Be7 6. O-O O-O 7. Re1 c6 8. a4 h6 9. h3 Re8 10. a5 Qc7 11. Be3 exd4 12. Bxd4 Bf8 13. Nh4 Ne5 14. Be2 Ned7 15. Nf5 g6 16. Ng3 Bg7 17. f4 d5 18. e5 Nh7 19. h4 Qd8 20. h5 Qh4 21. Qd2 Nxe5 22. Bf2 Ng4 23. Bxg4 Rxe1+ 24. Rxe1 Qxg4 25. hxg6 Qxg6 26. Re8+ Nf8 27. f5 Qg4 28. Qe1 h5 29. Qe7 b6 30. f6 Bh6 31. Be3 Be6 32. Bxh6 Qd4+ 33. Kh2 Qh4+ 34. Kg1 Qd4+ 1/2-1/2

[Variant "Standard"]
[Site "Europe Echecs"]

[Event "Sunway Sitges Chess Festival"]
[Date "2024.12.21"]
[White "Song, Edward"]
[Black "Vetokhin, Savva"]
[WhiteElo "2363"]
[BlackElo "2502"]
[Round "7.6"]
[Result "1/2-1/2"]
[TimeControl "40/5400+30:1800+30"]

1. e4 c5 2. Nf3 g6 3. d4 cxd4 4. Nxd4 Nc6 5. c4 Nf6 6. Nc3 d6 7. Be2 Nxd4 8. Qxd4 Bg7 9. Be3 O-O 10. Qd3 a6 11. O-O Bd7 12. Rfd1 b5 13. cxb5 axb5 14. Nxb5 Bxb5 15. Qxb5 Rb8 16. Qd3 Rxb2 17. e5 Nd5 18. Qxd5 Rxe2 19. Qd3 Rb2 20. a4 Bxe5 21. a5 Rb4 22. Ra3 Qd7 23. a6 Ra4 24. a7 Ra8 25. Qb3 Rxa3 26. Qxa3 d5 27. Qa5 e6 28. f4 Bd6 29. Rb1 g5 30. fxg5 Bc7 31. Qc5 Bd6 32. Qa5 Bc7 33. Qc5 Bd6 34. Qb6 e5 1/2-1/2

[Variant "Standard"]
[Site "Europe Echecs"]

[Event "Sunway Sitges Chess Festival"]
[Date "2024.12.21"]
[White "Sofronie, Iulian"]
[Black "Alekseenko, Kirill"]
[WhiteElo "2368"]
[BlackElo "2673"]
[Round "7.7"]
[Result "0-1"]
[TimeControl "40/5400+30:1800+30"]

1. d4 Nf6 2. Bf4 b6 3. Nd2 Bb7 4. e3 e6 5. Ngf3 Nh5 6. Bg5 Be7 7. Bxe7 Qxe7 8. Bd3 d6 9. Qe2 a5 10. O-O-O Nd7 11. g4 Nhf6 12. Rhg1 g6 13. e4 e5 14. d5 c6 15. c4 Nc5 16. Nb1 b5 17. dxc6 Bxc6 18. Nc3 b4 19. Nd5 Qd8 20. Kb1 Nfd7 21. h4 Ne6 22. Qe3 Qb8 23. h5 Qa7 24. Qh6 O-O-O 25. Qd2 Kb8 26. Rh1 Ndc5 27. Bc2 Ka8 28. Qe3 Rb8 29. Nf6 b3 30. Bxb3 Nxe4 31. Ba4 Bb7 32. Nd5 Nxf2 33. c5 Nxd1 34. Qb3 Nc3+ 0-1

[Variant "Standard"]
[Site "Europe Echecs"]

[Event "Sunway Sitges Chess Festival"]
[Date "2024.12.21"]
[White "Li, Di"]
[Black "Alexiadis, Hristos"]
[WhiteElo "2440"]
[BlackElo "2341"]
[Round "7.8"]
[Result "1-0"]
[TimeControl "40/5400+30:1800+30"]

1. e4 c5 2. c4 Nc6 3. Nc3 g6 4. g3 Bg7 5. Bg2 Nf6 6. Nge2 O-O 7. d3 d6 8. O-O Qd7 9. h3 b6 10. Be3 Bb7 11. Rb1 Rac8 12. a3 e6 13. b4 Ne8 14. Qa4 Qe7 15. Rfe1 Ba8 16. Nb5 h5 17. f4 d5 18. exd5 exd5 19. Nec3 d4 20. Bxd4 Bxd4+ 21. Nxd4 Qf6 22. Nxc6 Bxc6 23. Bxc6 Rxc6 24. Re5 Re6 25. Nd5 Qd8 26. Rbe1 Rxe5 27. Rxe5 Nf6 28. Qc6 Nxd5 29. cxd5 cxb4 30. axb4 Qb8 31.
d6 Rc8 32. d7 1-0

[Variant "Standard"]
[Site "Europe Echecs"]

[Event "Sunway Sitges Chess Festival"]
[Date "2024.12.21"]
[White "Lopez Martinez, Josep Manuel"]
[Black "Adharsh K"]
[WhiteElo "2455"]
[BlackElo "2235"]
[Round "7.9"]
[Result "1-0"]
[TimeControl "40/5400+30:1800+30"]

1. d4 Nf6 2. c4 g6 3. Nc3 Bg7 4. e4 d6 5. h3 O-O 6. Bg5 c5 7. d5 e6 8. Bd3 exd5 9. exd5 Re8+ 10. Nge2 a6 11. O-O b5 12. cxb5 Nbd7 13. f4 Qb6 14. Kh1 h6 15. Bh4 Bb7 16. a4 Nxd5 17. Nxd5 Bxd5 18. Nc3 Qb7 19. Qd2 c4 20. Bc2 Bxc3 21. bxc3 axb5 22. f5 g5 23. Bg3 Nf6 24. Rab1 Be4 25. Rxb5 Qc6 26. Kh2 Bxc2 27. Qxc2 Rad8 28. Qf2 Qe4 29. Rd1 d5 30. Rb6 Kg7 31. a5 Nh5 32. Rd4 Qe3 33. Qxe3 Rxe3 34. Bc7 Rde8 35. Rxd5 Re1 36. a6 Ra1 37. Re5 Ra8 38. Re7 R1xa6 39. Be5+ Kh7 40. Rxf7+ Kg8 41. Rbb7 Rb6 42. Rbc7 Re8 43. Bd4 Ra6 44. Rh7 Nf6 45. Rcg7+ 1-0

[Variant "Standard"]
[Site "Europe Echecs"]

[Event "Sunway Sitges Chess Festival"]
[Date "2024.12.21"]
[White "kiladze, Luka"]
[Black "Gavrilescu, David"]
[WhiteElo "2359"]
[BlackElo "2549"]
[Round "7.10"]
[Result "0-1"]
[TimeControl "40/5400+30:1800+30"]

1. d4 Nf6 2. Nf3 e6 3. Bf4 Be7 4. Nbd2 Nh5 5. Bg3 d6 6. e4 O-O 7. Bd3 f5 8. h4 Nxg3 9. fxg3 Nd7 10. Qe2 Nf6 11. Ng5 d5 12. exf5 exf5 13. Ne6 Bxe6 14. Qxe6+ Kh8 15. Qxf5 Ne4 16. Qh5 Qd6 17. Nxe4 dxe4 18. Bxe4 Qxg3+ 19. Kd1 h6 20. Qg6 Qxg6 21. Bxg6 Bxh4 22. Bd3 Bg5 23. Rf1 Rfd8 24. c3 c5 25. Kc2 cxd4 26. c4 Bf6 27. b4 Re8 28. Rf5 Re3 29. Raf1 Rae8 30. Rd5 Kg8 31. Rd7 R3e7 32. Rxe7 Rxe7 33. c5 Kf7 34. Kb3 Re3 35. Rd1 Ke6 36. Kc4 h5 37. b5 h4 38. Rf1 Re5 39. Rf4 b6 40. Re4 bxc5 41. Rxe5+ Kxe5 42. Kxc5 g5 43.
Kc4 g4 44. Be2 h3 45. gxh3 g3 46. Bf1 Ke4 47. a4 Ke3 48. a5 d3 49. b6 axb6 50. a6 b5+ 51. Kb3 Bd4 52. h4 Kf2 0-1

[Variant "Standard"]
[Site "Europe Echecs"]

[Event "Sunway Sitges Chess Festival"]
[Date "2024.12.21"]
[White "Naoum, Spyridon"]
[Black "Gholami Orimi, Mahdi"]
[WhiteElo "2338"]
[BlackElo "2402"]
[Round "7.11"]
[Result "0-1"]
[TimeControl "40/5400+30:1800+30"]

1. d4 Nf6 2. c4 e6 3. Nc3 Bb4 4. f3 d5 5. a3 Bxc3+ 6. bxc3 c6 7. e4 dxe4 8. fxe4 e5 9. Nf3 Bg4 10. Bd3 exd4 11. e5 Nfd7 12. e6 fxe6 13. cxd4 Bxf3 14. Qxf3 Qh4+ 15. Qf2 Qxf2+ 16. Kxf2 c5 17. d5 O-O+ 18. Kg3 exd5 19. cxd5 Ne5 20. Be4 Nbd7 21. d6 Nf6 22. Re1 Nxe4+ 23. Rxe4 Nf7 24. Bf4 Rad8 25.
Rae1 Nxd6 26. Bxd6 Rxd6 27. Re7 Rd3+ 28. Kh4 h6 29. Rxb7 Rf2 30. Rg1 Rxa3 31. Rc7 Kh7 32. h3 a5 33. g3 Rc2 34.
Kh5 Rd3 35. Ra7 Rc4 0-1

[Variant "Standard"]
[Site "Europe Echecs"]

[Event "Sunway Sitges Chess Festival"]
[Date "2024.12.21"]
[White "Alinasab, Mobina"]
[Black "Atanasov, Anthony"]
[WhiteElo "2330"]
[BlackElo "2415"]
[Round "7.12"]
[Result "1/2-1/2"]
[TimeControl "40/5400+30:1800+30"]

1. e4 e5 2. Nf3 Nf6 3. Nc3 Nc6 4. Nd5 Nxd5 5. exd5 Nd4 6. Nxd4 exd4 7. Qe2+ Qe7 8. b3 b6 9. Bb2 Qxe2+ 10. Bxe2 Bb7 11. Bf3 Bc5 12. O-O f6 13. Rfe1+ Kf7 14. Kf1 a5 15. a3 Ba6+ 16. d3 Bb7 17. Re2 b5 18. Rae1 Rab8 19. Bc1 Rbe8 20. Bg4 Rxe2 21. Rxe2 Bc8 22. Bd2 Bxa3 23. Bxa5 Bd6 24. Bd2 g6 25. Re1 f5 26. Bf3 Bb7 27. Ra1 Ra8 28. Rxa8 Bxa8 29. Bg5 Kg7 30. g3 h6 31. Bc1 g5 32. Ke2 Kf6 33. Bg2 Bc5 34. h3 Bb7 35. Bh1 Bc8 36. Bg2 Be7 37. Bh1 b4 38. Bd2 Bc5 39. Bg2 Bb7 1/2-1/2

[Variant "Standard"]
[Site "Europe Echecs"]

[Event "Sunway Sitges Chess Festival"]
[Date "2024.12.21"]
[White "Kristoferitsch, Daniel"]
[Black "Diaz Rosas, Julio Cesar"]
[WhiteElo "2287"]
[BlackElo "2401"]
[Round "7.13"]
[Result "1-0"]
[TimeControl "40/5400+30:1800+30"]

1. d4 Nf6 2. c4 e6 3. Nc3 d5 4. cxd5 exd5 5. Bg5 Bb4 6. e3 h6 7. Bh4 g5 8. Bg3 Ne4 9. Ne2 h5 10. h4 Bg4 11. Qb3 Nc6 12. Bh2 Be6 13. hxg5 Qxg5 14. Bxc7 Qe7 15. Bf4 Na5 16. Qc2 Bf5 17. a3 Nc6 18. axb4 Nxb4 19. Qd1 Rc8 20. Rc1 O-O 21. Ng3 Bg4 22. Be2 Nxc3 23. bxc3 Na2 24. Bxg4 Rxc3 25. Rxc3 Nxc3 26. Qb3 1-0

[Variant "Standard"]
[Site "Europe Echecs"]

[Event "Sunway Sitges Chess Festival"]
[Date "2024.12.21"]
[White "Liu, Yi"]
[Black "Aloma Vidal, Robert"]
[WhiteElo "2261"]
[BlackElo "2398"]
[Round "7.14"]
[Result "0-1"]
[TimeControl "40/5400+30:1800+30"]

1. d4 Nf6 2. c4 d6 3. Nf3 g6 4. e3 Bg7 5. Be2 O-O 6. O-O c5 7. Nc3 cxd4 8. exd4 d5 9. h3 Nc6 10. a3 b6 11. cxd5 Nxd5 12. Bc4 Be6 13. Bb5 Rc8 14. Re1 Na5 15. Bd2 Nc4 16. Ba6 Rc7 17. Nxd5 Bxd5 18. Bf4 Nd6 19. Ne5 b5 20. a4 Qa8 21. axb5 Bxg2 22. b6 Bxh3 23. d5 axb6 24. Nc6 Rxc6 25. Bf1 Qc8 26. Bxh3 Qxh3 27. dxc6 Bxb2 28. Rb1 Nf5 29. Rxb2 Nh4 30. f3 Nxf3+ 31. Kf2 Nxe1 32. Kxe1 Qh1+ 33. Ke2 Qg2+ 34. Ke3 Qxb2 35. c7 e5 36. Bh6 Qc3+ 0-1

[Variant "Standard"]
[Site "Europe Echecs"]

[Event "Sunway Sitges Chess Festival"]
[Date "2024.12.21"]
[White "Shukhman, Anna"]
[Black "Liu, Xiangyi"]
[WhiteElo "2245"]
[BlackElo "2372"]
[Round "7.15"]
[Result "0-1"]
[TimeControl "40/5400+30:1800+30"]

1. e4 e6 2. d4 d5 3. Nc3 h6 4. Bd3 Nc6 5. Nf3 Nb4 6. Be2 Nf6 7. e5 Ne4 8. a3 Nxc3 9. bxc3 Nc6 10. a4 Na5 11. Nd2 c5 12. f4 Bd7 13. O-O Qc7 14. Nf3 O-O-O 15. Qe1 Kb8 16. Bd3 Nc4 17. Bxc4 dxc4 18. dxc5 Bc6 19. Nd4 g6 20. Ba3 Rd5 21. Qe2 Bxc5 22. Qxc4 Bd7 23. Qb3 Rc8 24. Bxc5 Rxc5 25. Ne2 Bc6 26. Rf2 Bd5 27. Qa3 Rc4 28. Rb1 Qc5 29. Rb4 Re4 30. Nd4 a5 31. Rb3 Bxb3 32. Qxb3 Qxc3 33. Qxc3 Rxc3 34. Nb5 Re1+ 0-1

[Variant "Standard"]
[Site "Europe Echecs"]

[Event "Sunway Sitges Chess Festival"]
[Date "2024.12.21"]
[White "Zheng, Harry Z"]
[Black "Velten, Paul"]
[WhiteElo "2248"]
[BlackElo "2501"]
[Round "7.16"]
[Result "0-1"]
[TimeControl "40/5400+30:1800+30"]

1. e4 c5 2. Nf3 d6 3. d4 cxd4 4. Nxd4 Nf6 5. Nc3 a6 6. Be3 e5 7. Nf3 Nc6 8. Bc4 Be6 9. Bb3 Na5 10. O-O Nxb3 11. axb3 Be7 12. Bg5 O-O 13. Bxf6 Bxf6 14. Nd5 Be7 15. Qd2 Re8 16. Rfd1 Bf8 17. c4 Bd7 18. Qe3 Bc6 19. Rd2 Rb8 20. Rad1 Qc8 21. Nh4 Re6 22. Nf5 g6 23. Qg5 Kh8 24. Nfe3 a5 25. c5 dxc5 26. Nc4 f6 27. Qg4 Bh6 28. Rd3 Bb5 29. Rh3 Bg5 30. g3 Ra6 31. Qxc8+ Rxc8 32. f4 Bd7 33. fxg5 Bxh3 34. gxf6 Be6 35. Ndb6 Rf8 36. Nd5 Bxd5 37. exd5 Raxf6 38. Nxa5 b6 39. Nc4 e4 40. d6 b5 41. Ne5 e3 42. Kg2 Rf2+ 43. Kh3 Rd2 44. Re1 e2 45. d7 Kg7 46. Nc6 Rxd7 47. Rxe2 Rc7 48. Ne7 Re8 49. Nf5+ Kf8 50. Rxe8+ Kxe8 51. Nd6+ Kd7 52. Nxb5 Rb7 53. Nc3 Rxb3 54. Ne4 Kc6 0-1

[Variant "Standard"]
[Site "Europe Echecs"]

[Event "Sunway Sitges Chess Festival"]
[Date "2024.12.21"]
[White "Ilamparthi A R"]
[Black "Lee, Jun Wei"]
[WhiteElo "2391"]
[BlackElo "2238"]
[Round "7.17"]
[Result "1-0"]
[TimeControl "40/5400+30:1800+30"]

1. e4 c6 2. d4 d5 3. e5 Bf5 4. Nf3 e6 5. Be2 c5 6. c3 Nc6 7. O-O cxd4 8. cxd4 Nge7 9. Nc3 Bg4 10. h3 Bxf3 11. Bxf3 Nf5 12. Be3 Be7 13. Bg4 Nxe3 14. fxe3 O-O 15. Qd3 Qb6 16. Rf2 Bh4 17. Rf3 Rad8 18. Raf1 Nb4 19. Qd2 Bg5 20. g3 Qa6 21. h4 Bh6 22. Kh2 Nd3 23. a3 Rc8 24. Nxd5 exd5 25. Bxc8 Rxc8 26. Rxf7 Re8 27. Qe2 g6 28. Qf3 Qb5 29. h5 Qxb2+ 30. Kh3 Nxe5 31. Qxd5 1-0

[Variant "Standard"]
[Site "Europe Echecs"]

[Event "Sunway Sitges Chess Festival"]
[Date "2024.12.21"]
[White "Gormally, Daniel W"]
[Black "Schippke, Manon"]
[WhiteElo "2424"]
[BlackElo "2213"]
[Round "7.18"]
[Result "1/2-1/2"]
[TimeControl "40/5400+30:1800+30"]

1. d4 d5 2. c4 c6 3. Nf3 Nf6 4. Nc3 e6 5. e3 Nbd7 6. Bd3 dxc4 7. Bxc4 b5 8. Bd3 b4 9. Ne4 Nxe4 10. Bxe4 Bb7 11. O-O Be7 12. Bd2 Nf6 13. Bd3 O-O 14. Qe2 c5 15. dxc5 Bxf3 16. gxf3 Bxc5 17. Rfc1 Qd6 18. Be1 Rfd8 19. Ba6 Nd5 20. f4 Rab8 21. Bc4 Nf6 22. Qf3 e5 23. fxe5 Qxe5 24. Rc2 Bd6 25. h3 a5 26. Rd1 Rbc8 27. b3 Rf8 28. Kf1 Kh8 29. Rcd2 Bc5 30. Rd3 Qe4 31. Qxe4 Nxe4 32. f3 Ng5 33. Kg2 f6 34. h4 Nf7 35. f4 f5 36. Kf3 Nh6 37. Rd5 Ng4 38. R1d3 h5 39. Bd2 Kh7 40. Bc1 Kg6 41. Bb2 Rfe8 42. Rd7 Re7 43. Rxe7 Bxe7 44. Rd7 Bf6 45. Bd4 Rd8 46. Bf7+ Kh6 47. Be6 Rxd7 48. Bxd7 g6 49. Bb6 Bxh4 50. Bxa5 Be7 51. Bb6 Nf6 1/2-1/2

[Variant "Standard"]
[Site "Europe Echecs"]

[Event "Sunway Sitges Chess Festival"]
[Date "2024.12.21"]
[White "Arfan, Aditya Bagus"]
[Black "Marie, Maxime"]
[WhiteElo "2416"]
[BlackElo "2196"]
[Round "7.19"]
[Result "1-0"]
[TimeControl "40/5400+30:1800+30"]

1. e4 c6 2. d4 d5 3. e5 Bf5 4. h4 h5 5. c4 e6 6. Nc3 Ne7 7. Nge2 dxc4 8. Ng3 b5 9. Bg5 Qd7 10. a4 Bg6 11. Be2 Nf5 12. Nxf5 Bxf5 13. axb5 cxb5 14. O-O Bb4 15. d5 Bxc3 16. dxe6 Bxe6 17. bxc3 Nc6 18. Bf3 Rc8 19. Bxc6 Qxc6 20. Rxa7 O-O 21. Qxh5 b4 22. Bf6 Qe4 23. Qg5 Qg4 24. cxb4 c3 25. Qxg4 Bxg4 26. Be7 Ra8 27. Rc7 Rfc8 28. Rxc8+ Bxc8 29. Rc1 Ra3 30. b5 Rb3 31. b6 Ba6 32. Bc5 Bd3 33. f3 c2 34. Kf2 Rb1 35. Be3 Kf8 36. Ke1 Ke7 37. Kd2 Bh7 38. g4 Ke6 39. f4 Be4 40. h5 Kd5 41. Kc3 Bf3 42. Kxc2 Rxc1+ 43. Kxc1 Kc6 44. f5 Bxg4 45. f6 gxf6 46. h6 Bf5 47. exf6 Bg6 48. Kd2 Bh7 49. Kc3 Bb1 50. Kb4 Bd3 51. Ka5 Kb7 52. Bf2 Kb8 53. Kb4 Kb7 54. Kc5 1-0

[Variant "Standard"]
[Site "Europe Echecs"]

[Event "Sunway Sitges Chess Festival"]
[Date "2024.12.21"]
[White "Grebennikov, Nikolai A."]
[Black "Dudognon, Thibault"]
[WhiteElo "2194"]
[BlackElo "2411"]
[Round "7.20"]
[Result "0-1"]
[TimeControl "40/5400+30:1800+30"]

1. d4 Nf6 2. c4 g6 3. Nc3 d5 4. cxd5 Nxd5 5. e4 Nxc3 6. bxc3 Bg7 7. Qa4+ Bd7 8. Qa3 O-O 9. Nf3 e5 10. Bg5 Qe8 11. d5 f5 12. Bd3 h6 13. Qb3 Ba4 14. Qxb7 Nd7 15. Be3 Nf6 16. Nd2 Qd7 17. Bxa7 c5 18. Qxd7 Nxd7 19. Bxc5 Nxc5 20. Ke2 fxe4 21. Nxe4 Nxe4 22. Bxe4 Bb5+ 23. Ke3 Ra3 24. Rhb1 Rxc3+ 25. Kd2 Rc5 26. f3 h5 27. a4 Bc4 28. a5 Ra8 29. d6 Bd5 30. Rb6 Bxe4 31. fxe4 Rcxa5 32. Rxa5 Rxa5 33. Rb8+ Kf7 34. d7 Bf6 35. g3 Ra2+ 36. Kc3 Rxh2 37. d8=Q Bxd8 38. Rxd8 Rg2 39. Rd3 Re2 40. Kc4 Ke6 41. Rf3 Rxe4+ 42. Kd3 Ra4 43. Ke2 Ra7 44. Rb3 Kf5 45. Kf3 Ra5 46. Rc3 Rd5 47. Re3 Rd3 0-1

[Variant "Standard"]
[Site "Europe Echecs"]

[Event "Sunway Sitges Chess Festival"]
[Date "2024.12.21"]
[White "Li, Harry"]
[Black "Xu, Minghui"]
[WhiteElo "2194"]
[BlackElo "2405"]
[Round "7.21"]
[Result "1/2-1/2"]
[TimeControl "40/5400+30:1800+30"]

1. e4 e5 2. Nf3 Nc6 3. Bb5 a6 4. Ba4 Nf6 5. O-O Be7 6. Re1 b5 7. Bb3 O-O 8. a4 Bb7 9. d3 d6 10. h3 Na5 11. Ba2 c5 12. Nbd2 Rc8 13. Nf1 Re8 14. Ng3 b4 15. c3 bxc3 16. bxc3 c4 17. Nf5 Bf8 18. Bg5 h6 19. Bh4 g6 20. Ne3 Bg7 21. Bxf6 Bxf6 22. Nxc4 Nxc4 23. Bxc4 d5 24. Ba2 dxe4 25. Qb3 Re7 26. dxe4 Rec7 27. Rad1 Qe8 28. Qb6 Kg7 29. a5 Qa4 30. Bd5 Bxd5 31. Rxd5 Rxc3 32. Qxa6 Rc1 33. Qf1 Rxe1 34. Qxe1 Rc4 35. a6 Rxe4 36. Qa5 Qc6 37. a7 Ra4 38. a8=Q Qxa8 39. Qxa8 Rxa8 40. Nxe5 1/2-1/2

[Variant "Standard"]
[Site "Europe Echecs"]

[Event "Sunway Sitges Chess Festival"]
[Date "2024.12.21"]
[White "Isanzhulov, Arystan"]
[Black "Koskinen, Henri"]
[WhiteElo "2395"]
[BlackElo "2118"]
[Round "7.22"]
[Result "1-0"]
[TimeControl "40/5400+30:1800+30"]

1. e4 e5 2. Nf3 Nc6 3. Bb5 a6 4. Ba4 d6 5. Bxc6+ bxc6 6. d4 Nf6 7. O-O Be7 8. Qe2 Nd7 9. dxe5 Nxe5 10. Nxe5 dxe5 11. Qc4 Qd6 12. Be3 O-O 13. Nd2 a5 14. Qc3 Qb4 15. Qxc6 Bb7 16. Qc3 Ra6 17. Qb3 a4 18. Qxb4 Bxb4 19. c3 Bd6 20. f3 Bc6 21. Rf2 Rb8 22. Nf1 Bb5 23. Rd1 Bc4 24. a3 f6 25. g4 Ra5 26. Ng3 g6 27. h4 Rab5 28. Rdd2 Be6 29. h5 Kg7 30. Rh2 Bg8 31. hxg6 hxg6 32. g5 Be6 33. gxf6+ Kxf6 34. Kh1 Bf7 35. Bg1 Be6 36. Nf1 Kg7 37. Ne3 Rf8 38. Kg2 Rh8 39. Rxh8 Kxh8 40. Bf2 Kg7 41. Bh4 Kf7 42. Kg3 Rb8 43. Bg5 Rh8 44. Nd5 Ke8 45. Nb6 Bb3 46. Kg2 Kf7 47. Nd5 Ke6 48. Be3 Rh7 49. Bf2 Rh8 50. Bg3 Rf8 51. Ne3 Rh8 52. Ng4 Rh7 53. Rf2 Rf7 54. Rf1 Bc4 55. Re1 Rh7 56. Nf2 Bc5 57. Rd1 Bd6 58. Nh3 Rh8 59. f4 exf4 60. Nxf4+ Bxf4 61. Bxf4 Rh7 62. Rd4 Bb3 63. Kg3 Rd7 64. Rb4 Rd1 65. Bxc7 Rd2 66. Rb6+ Kd7 67. Bf4 Rxb2 68. Rd6+ Ke7 69. Rxg6 Bc2 70. Ra6 Rb3 71. Bd6+ Kd7 72. Bb4 Bxe4 73. Rxa4 Bc6 74. Ra7+ Ke6 75. Kf4 Rb1 76. Re7+ Kf6 77. Rc7 Bg2 78. a4 Ke6 79. a5 Bf1 80. a6 Ra1 81. a7 Bg2 82. Ke3 Rd1 83. Rg7 Bh1 84. Rh7 Bg2 85. Kf2 Rd2+ 86. Kg3 Bd5 87. c4 Rg2+ 88. Kf4 Rf2+ 89. Ke3 Ra2 90. cxd5+ Kxd5 91. Ba5 1-0

[Variant "Standard"]
[Site "Europe Echecs"]

[Event "Sunway Sitges Chess Festival"]
[Date "2024.12.21"]
[White "Montes Molina, Ivan"]
[Black "Hess, Max"]
[WhiteElo "2144"]
[BlackElo "2385"]
[Round "7.23"]
[Result "0-1"]
[TimeControl "40/5400+30:1800+30"]

1. e4 e5 2. Nf3 Nc6 3. Bb5 a6 4. Ba4 Nf6 5. O-O d6 6. Re1 Bd7 7. c3 g6 8. d4 Bg7 9. d5 Ne7 10. Bxd7+ Nxd7 11. Be3 f5 12. Ng5 Nf8 13. f3 f4 14. Bf2 Bf6 15. Ne6 Nxe6 16. dxe6 Qc8 17. Qb3 Nc6 18. c4 Nd8 19. Nc3 Nxe6 20. Nd5 Bd8 21. Rad1 O-O 22. Qc3 c5 23. b4 Nd4 24. bxc5 dxc5 25. Bxd4 cxd4 26. Qb4 Rf7 27. Qd6 Qb8 28. Qe6 Bh4 29. Re2 Qe8 30. Qg4 Bd8 31. Rb2 Qc6 32. Rdb1 d3 33. Rd2 Qxc4 34. Rbd1 Qc8 35. Qxc8 Rxc8 36. Rxd3 Rc6 37. Kf1 Bb6 38. Rc3 Bd4 39. Rxc6 bxc6 40. Nb4 c5 41. Nd5 Rb7 42. Ke2 c4 43. Rd2 Rb1 44. Rd1 Rb2+ 45. Kf1 c3 46. Rc1 Rf2+ 47. Ke1 Rxg2 48. Nxc3 Rg1+ 0-1

[Variant "Standard"]
[Site "Europe Echecs"]

[Event "Sunway Sitges Chess Festival"]
[Date "2024.12.21"]
[White "Tan, Jun Ying"]
[Black "Banerjee, Supratit"]
[WhiteElo "2357"]
[BlackElo "2116"]
[Round "7.24"]
[Result "1-0"]
[TimeControl "40/5400+30:1800+30"]

1. d4 Nf6 2. Nf3 g6 3. g3 Bg7 4. Bg2 O-O 5. O-O d6 6. b3 c6 7. Bb2 Bf5 8. h3 Na6 9. c4 d5 10. Nc3 Ne4 11. Qc1 Nxc3 12. Bxc3 Nc7 13. Rd1 Qd7 14. Qf4 f6 15. h4 h5 16. Qc1 a5 17. Nd2 a4 18. e4 Be6 19. Qc2 Bf7 20. Kh2 g5 21. hxg5 fxg5 22. bxa4 Bg6 23. Rf1 Ne6 24. Qb2 Rxa4 25. exd5 cxd5 26. Bxd5 Kh8 27. Ne4 Bxe4 28. Bxe4 Rxc4 29. Qe2 Rfc8 30. Qxh5+ Kg8 31. Bb2 Rb4 32. Rab1 Rb6 33. Qh7+ Kf8 34. Qf5+ Bf6 35. Ba3 Rd6 36. Bxd6 Qxd6 37. d5 Rc4 38. dxe6 Rc5 39. Qg6 Qxe6 40. Rxb7 Qd6 41. Rd1 1-0

[Variant "Standard"]
[Site "Europe Echecs"]